Map: Prion Terraces

Players

Grumm - Winner!

  • Race: Zerg Zerg
  • League: Gold

SGOne

  • Race: Zerg Zerg
  • League: Gold

VOD

Have the link to the VOD?

Description

Time

  • Played on: Feb. 9, 2016, 6:34 p.m.
  • Length: 8:50
Show
View Real Time Build Order
Export as new Build Order

Grumm Zerg - Winner!

Build Orders: Pool First 

Get SALT Encoding   

  12  0:01  Drone  
  13  0:22  Spawning Pool  
  13  0:25  Drone  
  13  0:34  Overlord  
  13  0:43  Drone  
  14  1:05  Hatchery  
  14  1:10  Zergling x2  
  14  1:11  Zergling x2  
  14  1:15  Zergling x2  
  16  1:23  Drone  
  17  1:30  Extractor  
  16  1:37  Queen  
  18  1:42  Drone  
  19  1:47  Drone  
  20  1:57  Extractor  
  20  1:59  Drone  
  20  2:15  Drone  
  21  2:21  Drone x2  
  22  2:38  Zergling x6  
  24  3:00  Zergling x10  
  24  3:04  Metabolic Boost  
  28  3:14  Spine Crawler  
  28  3:17  Drone, Overlord  
  28  3:27  Overlord  
  28  3:33  Roach Warren  
  27  3:35  Queen  
  27  3:40  Zergling x4  
  27  3:41  Zergling x4  
  32  4:07  Drone  
  32  4:08  Drone x5  
  37  4:18  Zergling x6  
  37  4:22  Extractor  
  37  4:43  Drone x5  
  36  4:55  Roach  
  36  4:56  Roach x3  
  42  5:14  Evolution Chamber  
  41  5:18  Evolution Chamber  
  40  5:29  Spine Crawler  
  38  5:38  Roach x3  
  38  5:40  Zerg Missile Weapons Level 1  
  42  5:51  Overlord x2  
  42  6:04  Zerg Melee Weapons Level 1  
  42  6:07  Lair  
  42  6:08  Hatchery  
  41  6:16  Zergling x2  
  41  6:17  Zergling x12  
  48  6:30  Roach  
  48  6:31  Roach x3  
  56  6:38  Hatchery  
  55  6:52  Roach x2  
  59  7:02  Overlord  
  59  7:03  Overlord x2  
  52  7:38  Zergling x2  
  52  7:39  Zergling x20  
  52  7:40  Queen  
  59  7:46  Roach x2  
  59  8:06  Zergling x16  
  63  8:19  Overlord  
  63  8:26  Hydralisk Den  
Show
View Real Time Build Order
Export as new Build Order

SGOne Zerg 

Build Orders: Hatch First 

Get SALT Encoding   

  12  0:02  Drone  
  13  0:11  Drone  
  14  0:17  Overlord  
  14  0:37  Drone  
  14  0:38  Drone  
  16  0:44  Drone  
  16  0:49  Drone  
  18  0:59  Drone  
  18  1:00  Hatchery  
  18  1:17  Drone  
  19  1:21  Spawning Pool  
  18  1:32  Drone  
  19  1:39  Drone  
  20  1:46  Drone  
  21  1:54  Overlord  
  21  1:57  Hatchery  
  20  2:05  Extractor  
  19  2:11  Zergling x2  
  19  2:12  Queen  
  24  2:24  Zergling x4  
  24  2:25  Zergling x2  
  25  2:57  Hatchery  
  24  3:12  Drone  
  25  3:13  Drone x3  
  25  3:14  Queen  
  25  3:17  Queen  
  32  3:34  Drone x2  
  32  3:35  Drone x2  
  32  3:37  Metabolic Boost  
  36  4:02  Zergling x10  
  35  4:03  Zergling x2  
  35  4:07  Queen  
  35  4:09  Queen  
  38  4:11  Zergling x6  
  37  4:51  Queen  
  35  5:04  Hatchery  
  35  5:05  Zergling x2  
  35  5:08  Overlord x2  
  35  5:25  Queen  
  34  5:38  Drone  
  34  5:39  Drone x8  
  40  5:44  Queen  
  41  6:01  Queen  
  43  6:08  Zergling x2  
  43  6:09  Zergling x8  
  48  6:12  Drone  
  49  6:24  Queen x2  
  53  6:26  Zergling x2  
  53  6:27  Zergling x6  
  57  6:35  Baneling Nest  
  57  6:38  Evolution Chamber x2, Queen  
  56  6:40  Evolution Chamber  
  56  6:41  Drone x2  
  57  7:03  Overlord  
  57  7:04  Overlord  
  57  7:12  Zergling x2  
  57  7:13  Zergling x2  
  43  7:43  Drone  
  37  7:44  Drone x14  
  44  7:54  Zergling x10  
  42  8:09  Zergling x2  
  42  8:10  Zergling x8  
Tags
 
Add a new tag
Caveats
  • Supply blocks, unpowered buildings, or Contaminate may cause inaccurate times.
  • Supply counts are checked every 10 seconds.